AoeStats
← Corsican Pirate

Arena

509689767Analyzed
4v4 RM · 6d ago on Sep 27, 2026· 68m 55s· 8 players
Game mode
Random Map
Map size
Large (8 player)
Population
200
Speed
Normal
Resources
Standard
Victory
Conquest
Starting age
Dark Age
Ending age
Imperial Age
RankedLock teamsTeams togetherTeam positionsShared explorationLock speedFull tech treeHidden civsTurbo modeCheats
Victory
Defeat
🇧🇷 Slavs · Brazil
1399
+12
🇧🇷 Cumans · Brazil
1324
+15
🇧🇷 Mongols · Brazil
1189
+20
🇧🇷 Saxons · Brazil
1172
+21
🇮🇹 Ethiopians · Italy
1356
-20
🇲🇽 Danes · Mexico
1350
-19
🇲🇽 Burgundians · Mexico
1263
-16
🇮🇹 Franks · Italy
1187
-13
TmZ_rogers
11:27 Feudal Age
12:53 Double-Bit Axe
13:01 Gold Mining
12:55 Horse Collar
16:15 Castle Age
16:34 Loom
17:25 Bow Saw
19:20 Wheelbarrow
18:33 Town Watch
21:06 Stone Mining
25:24 Hand Cart
30:19 Imperial Age
29:10 Town Patrol
29:04 Fletching
29:15 Padded Archer Armor
29:21 Scale Barding Armor
30:05 Bodkin Arrow
30:21 Forging
31:06 Gold Shaft Mining
30:33 Heavy Plow
30:40 Nomads
31:03 Ballistics
31:46 Conscription
31:27 Murder Holes
32:35 Pikeman
34:06 Iron Casting
33:31 Scale Mail Armor
33:32 Bracer
33:47 Leather Archer Armor
33:55 Squires
33:40 Arson
33:16 Man-at-Arms
35:56 Bloodlines
35:47 Husbandry
37:31 Blast Furnace
36:47 Chain Mail Armor
36:52 Chain Barding Armor
38:47 Elite Skirmisher
39:32 Thumb Ring
39:33 Caravan
40:03 Coinage
39:37 Caravan
39:39 Long Swordsman
42:26 Two-Handed Swordsman
44:05 Heavy Camel Rider
44:54 Elite Steppe Lancer
47:37 Plate Mail Armor
50:05 Heavy Scorpion
50:15 Onager
51:36 Champion
TmZ_SECUTOR
10:39 Feudal Age
14:38 Castle Age
13:33 Double-Bit Axe
13:31 Horse Collar
14:57 Loom
15:39 Scale Mail Armor
16:19 Forging
16:45 Squires
19:13 Chain Mail Armor
26:50 Bow Saw
28:35 Fletching
29:16 Gold Mining
30:19 Murder Holes
34:04 Wheelbarrow
33:18 Town Watch
35:11 Heavy Plow
36:00 Hand Cart
38:25 Gold Shaft Mining
41:34 Imperial Age
38:42 Man-at-Arms
40:13 Stone Mining
41:58 Shield Wall
44:15 Iron Casting
44:20 Conscription
45:25 Plate Mail Armor
45:25 Pikeman
47:57 Halberdier
48:32 Capped Ram
51:15 Siege Engineers
51:15 Elite Hearth Troop
53:21 Caravan
62:27 Chemistry
61:48 Ballistics
63:06 Town Patrol
63:52 Bodkin Arrow
64:03 Scale Barding Armor
65:01 Elite Varangian Guard
67:31 Two-Man Saw
66:42 Arson
66:43 Gambesons
66:59 Gambesons
TmZ_Skovronski
9:28 Loom
11:16 Feudal Age
12:45 Double-Bit Axe
15:24 Castle Age
13:52 Horse Collar
16:57 Heavy Plow
17:08 Bow Saw
17:36 Wheelbarrow
21:54 Hand Cart
24:10 Town Watch
23:58 Man-at-Arms
24:49 Gold Mining
24:51 Stone Mining
29:11 Imperial Age
27:08 Scale Mail Armor
27:19 Forging
27:09 Long Swordsman
28:08 Chain Mail Armor
28:44 Squires
29:02 Masonry
30:03 Iron Casting
30:15 Conscription
29:17 Two-Handed Swordsman
30:28 Plate Mail Armor
30:06 Detinets
30:08 Druzhina
31:35 Two-Man Saw
31:12 Crop Rotation
32:13 Blast Furnace
31:43 Fletching
31:38 Champion
35:37 Gold Shaft Mining
35:34 Detinets
37:59 Onager
39:33 Coinage
42:51 Bodkin Arrow
46:10 Capped Ram
46:11 Heavy Scorpion
47:15 Ballistics
47:56 Chemistry
49:43 Siege Engineers
50:17 Banking
50:09 Fortified Wall
51:26 Murder Holes
52:43 Capped Ram
55:30 Siege Onager
61:36 Padded Archer Armor
61:43 Scale Barding Armor
61:29 Pikeman
63:46 Caravan
67:36 Hoardings
TmZ_mK
5:41 Loom
10:06 Feudal Age
12:40 Double-Bit Axe
13:21 Man-at-Arms
19:53 Wheelbarrow
19:00 Horse Collar
19:13 Gold Mining
19:13 Stone Mining
26:37 Castle Age
27:08 Scale Barding Armor
31:35 Imperial Age
29:58 Chain Barding Armor
29:49 Forging
29:51 Bloodlines
32:03 Iron Casting
32:15 Steppe Husbandry
33:17 Plate Barding Armor
33:46 Blast Furnace
32:08 Elite Steppe Lancer
33:22 Conscription
33:24 Heavy Plow
33:39 Bow Saw
38:59 Cavalier
46:55 Fletching
47:06 Padded Archer Armor
48:55 Elite Skirmisher
51:26 Thumb Ring
51:17 Bodkin Arrow
51:37 Leather Archer Armor
54:32 Leather Archer Armor
55:51 Ring Archer Armor
56:25 Ballistics
57:08 Chemistry
58:03 Cavalier
60:23 Paladin
67:28 Guilds
67:19 Caravan
67:49 Coinage
Corsican Pirate
10:57 Feudal Age
9:14 Loom
15:21 Castle Age
13:48 Stone Mining
13:45 Double-Bit Axe
24:54 Scale Mail Armor
25:06 Forging
25:37 Wheelbarrow
28:42 Hand Cart
29:03 Horse Collar
37:54 Town Watch
40:05 Heavy Plow
44:26 Imperial Age
45:05 Town Watch
44:57 Heavy Scorpion
47:30 Gold Mining
49:33 Gold Shaft Mining
50:40 Caravan
50:55 Siege Engineers
51:04 Masonry
51:56 Onager
53:59 Capped Ram
55:52 Siege Ram
57:30 Ballistics
58:15 Pikeman
58:56 Squires
63:56 Arson
67:26 Man-at-Arms
HuLB
9:47 Feudal Age
10:31 Double-Bit Axe
13:29 Castle Age
14:39 Bow Saw
22:16 Wheelbarrow
25:07 Hand Cart
25:35 Loom
29:29 Imperial Age
27:05 Gold Mining
27:51 Scale Barding Armor
27:56 Forging
28:27 Forging
28:49 Husbandry
29:27 Chain Barding Armor
30:37 Iron Casting
30:40 Gold Shaft Mining
30:57 Cavalier
32:06 Conscription
32:52 Blast Furnace
32:27 Plate Barding Armor
32:18 Paladin
42:15 Light Cavalry
Imperial Skirmisher
6:45 Double-Bit Axe
6:44 Horse Collar
10:49 Feudal Age
14:31 Castle Age
12:57 Bow Saw
17:01 Two-Man Saw
16:37 Loom
19:36 Stone Mining
21:01 Wheelbarrow
21:35 Scale Barding Armor
22:37 Forging
23:12 Chain Barding Armor
23:26 Gold Mining
24:54 Iron Casting
25:24 Hand Cart
29:11 Imperial Age
27:13 Fletching
28:09 Husbandry
28:30 Town Watch
29:03 Bodkin Arrow
30:44 Plate Barding Armor
30:42 Conscription
31:23 Burgundian Vineyards
31:30 Burgundian Vineyards
32:54 Blast Furnace
31:59 Scale Mail Armor
32:48 Bracer
34:12 Masonry
34:08 Elite Coustillier
36:45 Architecture
36:34 Fortified Wall
47:44 Hoardings
55:04 Elite Skirmisher
57:29 Padded Archer Armor
61:50 Leather Archer Armor
63:31 Ballistics
511
9:42 Feudal Age
13:36 Castle Age
11:29 Double-Bit Axe
12:14 Horse Collar
14:02 Loom
14:57 Fletching
24:41 Wheelbarrow
29:49 Imperial Age
27:33 Bodkin Arrow
28:07 Ballistics
28:43 Hand Cart
28:45 Bow Saw
29:06 Squires
29:08 Padded Archer Armor
28:33 Crossbowman
30:04 Thumb Ring
30:53 Conscription
30:44 Arbalester
31:19 Town Watch
32:54 Chemistry
32:51 Bracer
35:17 Leather Archer Armor
35:33 Capped Ram
38:08 Siege Ram
39:37 Ring Archer Armor
49:54 Torsion Engines
49:56 Heavy Scorpion
50:45 Siege Engineers
52:54 Fortified Wall
55:25 Guilds
61:40 Two-Man Saw
65:59 Coinage
67:32 Banking
67:07 Caravan
Connection lost

Rejoining the realm…

Still unreachable

The connection could not be restored.

Session expired

The server has moved on; the page needs a fresh start.